 Dungeon Crawl Stone Soup version 0.30-a0-672-gc3a7216ad8 (webtiles) character file.

Game seed: 14480726976275998194

38040 Newt the Fighter (level 13, -1/92 HPs)
             Began as a Demonspawn Gladiator on Jan 18, 2023.
             Was a High Priest of Hepliaklqana.
             Slain by a death yak (6 damage)
             ... on level 4 of the Lair of Beasts.
             The game lasted 00:17:39 (12987 turns).

Newt the Fighter (Demonspawn Gladiator)            Turns: 12987, Time: 00:17:39

Health: -1/92      AC: 24    Str: 23    XL:     13   Next: 61%
Magic:  0/21       EV: 11    Int: 11    God:    Hepliaklqana [*****.]
Gold:   378        SH:  9    Dex: 19    Spells: 20/23 levels left

rFire   . . .      SeeInvis +    U - +3 lajatang (vamp)
rCold   . . .      Faith    .    (shield currently unavailable)
rNeg    . . .      Spirit   +    D - +6 chain mail of Xome {Str+2 Int+3 Slay+2}
rPois   +          Reflect  +    c - +0 helmet
rElec   +          Harm     .    q - +2 cloak
rCorr   .          Rampage  .    (gloves unavailable)
Will    +....                    (no boots) Stlth
                                 n - amulet of reflection
HPRegen 0.35/turn                E - ring of see invisible
MPRegen 0.34/turn                S - ring of poison resistance

@: unable to drink
A: reduced essence, claws 3, thin metallic scales 3, magic shield, magic
regeneration, magic link, condensation shield, agile 1, strong-willed 1, strong
1, inability to drink after injury 1
a: Renounce Religion, Recall Ancestor, Ancestor Identity, Transference, Idealise


You were on level 4 of the Lair of Beasts.
You worshipped Hepliaklqana.
Hepliaklqana was extremely pleased with you.
You visited 2 branches of the dungeon, and saw 13 of its levels.
You also visited: Ossuary.

You collected 900 gold pieces.
You spent 522 gold pieces at shops.

Inventory:

Hand Weapons
 a - a +0 rapier
 x - a +2 antimagic trident
 y - a +2 spear of venom
 U - a +3 vampiric lajatang (weapon)
Missiles
 d - a throwing net (quivered)
 e - a javelin
Armour
 b - a +1 leather armour
 c - a +0 helmet (worn)
 m - a +0 cloak
 q - a +2 cloak (worn)
 r - a +0 buckler
 C - a +2 leather armour of positive energy
 D - the +6 chain mail of Xome (worn) {Str+2 Int+3 Slay+2}
   (You found it on level 6 of the Dungeon)

   Str:       It affects your strength (+2).
   Int:       It affects your intelligence (+3).
   Slay:      It affects your accuracy & damage with ranged weapons and melee
   (+2).
 R - +0 fire dragon scales
Jewellery
 n - an amulet of reflection (around neck)
 E - a ring of see invisible (left claw)
 F - an amulet of faith
 S - a ring of poison resistance (right claw)
 V - a ring of positive energy
Wands
 w - a wand of polymorph (47)
 A - a wand of flame (18)
 P - a wand of light (4)
 W - a wand of mindburst (5)
Scrolls
 g - 5 scrolls of vulnerability
 k - 2 scrolls of torment
 l - a scroll of amnesia
 z - 9 scrolls of noise
 B - a scroll of blinking
 G - a scroll of summoning
 H - 2 scrolls of fog
 I - 5 scrolls of teleportation
 K - a scroll of enchant armour
 Q - 3 scrolls of identify
 T - a scroll of poison
 X - a scroll of enchant weapon
Potions
 f - 5 potions of brilliance
 h - 9 potions of degeneration
 i - a potion of ambrosia
 j - 4 potions of attraction
 o - 5 potions of curing
 p - 3 potions of flight
 s - 5 potions of heal wounds
 t - 6 potions of lignification
 u - 5 potions of might
 v - 3 potions of magic
 J - 6 potions of mutation
 L - 3 potions of haste
 M - 3 potions of cancellation
 N - 2 potions of berserk rage
Miscellaneous
 O - a phantom mirror


   Skills:
 - Level 10.0 Fighting
 - Level 2.6 Short Blades
 - Level 10.0 Polearms
 - Level 1.7 Throwing
 - Level 6.0 Armour
 - Level 6.0 Dodging
 - Level 3.0 Stealth
 - Level 8.0 Shields
 + Level 5.5 Spellcasting
 + Level 5.4 Transmutations
 + Level 5.4 Fire Magic
 + Level 6.0 Poison Magic
 - Level 5.0 Invocations
 - Level 6.0 Evocations


You had 20 spell levels left.
You knew the following spells:

 Your Spells              Type           Power      Damage    Failure   Level
a - Ignite Poison         Fire/Tmut/Pois 15%        N/A       38%         3

Your spell library contained the following spells:

 Spells                   Type           Power      Damage    Failure   Level
 Magic Dart               Conj           12%        1d3       82%         1
 Shock                    Conj/Air       12%        1d3       82%         1
 Mephitic Cloud           Conj/Pois/Air  7%         N/A       88%         3
 Kindle Blastsparks       Fire/Tloc/Air  14%        2d11      90%         3
 Blink                    Tloc           6%         N/A       91%         2
 Call Imp                 Summ           3%         N/A       91%         2
 Lesser Beckoning         Tloc           6%         N/A       91%         2
 Momentum Strike          Conj/Tloc      6%         3d8       91%         2
 Searing Ray              Conj           6%         2d4       91%         2
 Swiftness                Air            3%         N/A       99%         3
 Airstrike                Air            1%         2d(1-17)  100%        4
 Fulminant Prism          Conj/Hex       1%         3d5       100%        4
 Passage of Golubria      Tloc           3%         N/A       100%        4
 Freezing Cloud           Conj/Ice/Air   1%         6-21      100%        5
 Silence                  Hex/Air        1%         N/A       100%        5
 Lehudib's Crystal Spear  Conj/Erth      1%         10d2      100%        8


Dungeon Overview and Level Annotations

Branches:
Dungeon (9/15)             Temple (0/1) D:7            Lair (4/5) D:9
 Shoals (0/4) Lair:2       Spider (0/4) Lair:2      Ossuary (visited)
  Slime: Lair:4-5       Orc: D:9-12

Altars:
Ashenzari
Dithmenos
Hepliaklqana
Nemelex Xobeh
Ru
Sif Muna
Xom

Shops:
D:7 (


Innate Abilities, Weirdness & Mutations

Your life essence is reduced to manifest your ancestor. (-10% HP)
You have claws for hands.
You are completely covered in thin metallic scales. (AC +4, rElec)
When hurt, damage is shared between your health and your magic reserves.
You regenerate magic rapidly.
When low on magic, you restore magic in place of health.
A meltable shield of frost defends you. (SH +4)
You are agile. (Dex +4, Str/Int -1)
You are strong-willed. (Will+)
Your muscles are strong. (Str +4, Int/Dex -1)
You occasionally lose the ability to drink potions when taking damage.


Message History

The death yak gores you!! The death yak barely misses you.
Eadburga gestures at the death yak while chanting.
The puff of frost hits the death yak!
You slash the death yak!
You kill the death yak!
The death yak gores you!
* * * LOW HITPOINT WARNING * * *
The death yak gores you but does no damage.
Eadburga gestures at the death yak while chanting.
The stone arrow hits the death yak!
You hit the death yak.
The death yak is moderately wounded.
The death yak gores you.
* * * LOW HITPOINT WARNING * * *
The death yak gores you but does no damage.
Eadburga points at the death yak and mumbles some strange words.
The stone arrow hits the death yak!!
The death yak gores you.
* * * LOW HITPOINT WARNING * * *
The death yak misses you.
You slice the death yak!!
The death yak is almost dead.
The death yak gores you!
You feel threatened and lose the ability to drink potions!
* * * LOW HITPOINT WARNING * * *
The death yak barely misses you.
Unknown command.
You cannot drink potions in your current state!
The death yak attacks as you move away! The death yak misses you.
Eadburga hits the death yak with a +0 quarterstaff!
The death yak dies!
Your Poison Magic skill increases to level 6!
Aiming: Bolt of Light
Press: ? - help, Shift-Dir - straight line, f - death yak
Aim: a death yak (91% to hit)
The bolt of light hits the death yak!
The death yak is lightly wounded.
The death yak is blinded.
Eadburga casts a spell at the death yak.
The stone arrow hits the death yak!
The death yak gores you!
You die...

......<.##
.........
.........
.........
......## #.
.....###..^
#††.#.....
###YR..[...
#.#@.......
##..........
#...........
####...........
#..............
###............
##............#
###.....##.#.####
####....#### ####


You could see the friendly Eadburga the battlemage and a death yak (blind, ally
target).

Vanquished Creatures
  Gastronok (Lair:1)
  Nessos (Lair:3)
  5 death yaks
  3 lindwurms (Lair:1)
  An ugly thing (D:9)
  7 elephants
  4 cane toads
  A rime drake (Lair:3)
  A komodo dragon (Lair:1)
  A merfolk (Lair:2)
  6 blink frogs
  Sigmund (D:2)
  A spriggan (Lair:2)
  Eustachio (D:6)
  A human (D:7)
  14 yaks
  2 basilisks
  2 wyverns
  A steam dragon (D:9)
  4 hogs (D:7)
  4 orc warriors
  2 black bears
  9 water moccasins (Lair:2)
  A sky beast (D:8)
  An ice beast (D:6)
  25 wolves
  A centaur (D:9)
  8 bullfrogs
  A scorpion (D:7)
  2 wights (D:8)
  5 howler monkeys
  2 centaur zombies (Ossuary)
  A human zombie (Ossuary)
  3 orc priests
  A hound (D:4)
  Jessica (D:3)
  3 orc wizards
  4 mummies (Ossuary)
  Robin (D:2)
  5 adders
  A gnoll (D:9)
  A shadow imp (D:5)
  2 white imps
  A worm (D:2)
  A dart slug (D:1)
  23 orcs
  7 endoplasms
  5 giant cockroaches
  2 gnoll zombies (Ossuary)
  4 hobgoblins
  2 jackals (D:4)
  4 quokkas
  6 ball pythons
  3 bats
  4 frilled lizards
  10 goblins
  2 hobgoblin zombies (Ossuary)
  5 kobolds
  A kobold zombie (D:7)
  3 rats
225 creatures vanquished.

Vanquished Creatures (collateral kills)
  6 death yaks
  2 black mambas
  7 elephants
  3 cane toads
  2 komodo dragons
  A merfolk (Lair:2)
  A polar bear (Lair:1)
  7 blink frogs
  A hornet (Lair:2)
  Prince Ribbit (D:6)
  A jumping spider (Lair:2)
  A basilisk (Lair:3)
  13 yaks
  2 steam dragons (D:8)
  18 water moccasins
  A black bear (Lair:2)
  2 sky beasts
  An orc warrior (D:9)
  18 wolves
  An ogre (D:4)
  A phantom (D:5)
  A kobold brigand (D:6)
  3 necrophages
  4 bullfrogs
  A gnoll sergeant (D:9)
  2 scorpions
  A wight (D:8)
  A howler monkey (D:7)
  A centaur zombie (Ossuary)
  An orc priest (D:8)
  Crazy Yiuf (D:2)
  A hound (D:7)
  An iguana (D:6)
  4 orc wizards
  A mummy (D:7)
  2 gnolls (D:9)
  11 adders
  A shadow imp (D:6)
  2 white imps
  An ufetubus (D:4)
  A worm (D:4)
  A dart slug (D:4)
  20 orcs
  A bat (D:3)
  3 endoplasms
  3 goblins
  2 jackals (D:4)
  A quokka (D:3)
  6 ball pythons
  A hobgoblin zombie (D:7)
  4 kobolds
  2 orc zombies (D:7)
  A rat (D:3)
176 creatures vanquished.

Vanquished Creatures (others)
  9 battlemagi
  9 fungi
  16 plants
34 creatures vanquished.

Grand Total: 435 creatures vanquished

Notes
Turn   | Place    | Note
-------+----------+-------------------------------------------
     0 | D:1      | Newt the Demonspawn Gladiator began the quest for the Orb.
     0 | D:1      | Reached XP level 1. HP: 16/16 MP: 1/1
    53 | D:1      | Reached skill level 1 in Stealth
   193 | D:1      | Gained mutation: You have sharp fingernails. [demonic
                  | ancestry]
   193 | D:1      | Reached XP level 2. HP: 10/22 MP: 2/2
   670 | D:2      | Gained mutation: You are partially covered in thin metallic
                  | scales. (AC +2) [demonic ancestry]
   670 | D:2      | Reached XP level 3. HP: 24/27 MP: 3/3
  1257 | D:2      | Found a faded altar of an unknown god.
  1265 | D:2      | Prayed at the altar of an unknown god.
  1265 | D:2      | Became a worshipper of Hepliaklqana the Forgotten
  1265 | D:2      | Reached * piety under Hepliaklqana
  1331 | D:2      | Found a runed translucent door.
  1332 | D:2      | Noticed Crazy Yiuf
  1440 | D:2      | Noticed Sigmund
  1456 | D:2      | Killed Sigmund
  1457 | D:2      | Gained mutation: You are mostly covered in thin metallic
                  | scales. (AC +3) [demonic ancestry]
  1457 | D:2      | Reached XP level 4. HP: 33/33 MP: 4/4
  1457 | D:2      | Reached XP level 5. HP: 37/37 MP: 5/5
  1613 | D:2      | Noticed Robin
  1634 | D:2      | Killed Robin
  1715 | D:2      | Reached ** piety under Hepliaklqana
  1716 | D:2      | Remembered your ancestor Eadburga as a battlemage
  1887 | D:2      | Killed Crazy Yiuf
  1888 | D:2      | Reached skill level 1 in Armour
  1964 | D:3      | Noticed Jessica
  1969 | D:3      | Killed Jessica
  1970 | D:3      | Gained mutation: You regenerate magic rapidly. [demonic
                  | ancestry]
  1970 | D:3      | Reached XP level 6. HP: 43/43 MP: 6/6
  3349 | D:4      | Found a broken altar of Ashenzari.
  3511 | D:4      | Gained mutation: A meltable shield of frost defends you.
                  | (SH +4) [demonic ancestry]
  3511 | D:4      | Reached XP level 7. HP: 44/48 MP: 7/7
  3604 | D:5      | Entered Level 5 of the Dungeon
  3773 | D:5      | Reached skill level 1 in Polearms
  4198 | D:6      | Reached *** piety under Hepliaklqana
  4245 | D:6      | Gained mutation: You have very sharp fingernails. [demonic
                  | ancestry]
  4245 | D:6      | Reached XP level 8. HP: 54/54 MP: 8/8
  4257 | D:6      | Noticed Prince Ribbit
  4264 | D:6      | Killed Prince Ribbit
  4265 | D:6      | Reached skill level 5 in Polearms
  4571 | D:6      | Noticed Eustachio
  4602 | D:6      | Killed Eustachio
  4603 | D:6      | Reached skill level 5 in Fighting
  4611 | D:6      | Identified the +6 chain mail of Xome {Str+2 Int+3 Slay+2}
  4855 | D:7      | Found a sand-covered staircase.
  4878 | Ossuary  | Entered an ossuary
  5199 | D:7      | Reached XP level 9. HP: 62/62 MP: 9/9
  5300 | D:7      | Gained mutation: You occasionally lose the ability to drink
                  | potions when taking damage. [potion of mutation]
  5300 | D:7      | Gained mutation: You are strong-willed. (Will+) [potion of
                  | mutation]
  5300 | D:7      | Gained mutation: Your muscles are strong. (Str +4, Int/Dex
                  | -1) [potion of mutation]
  5300 | D:7      | Gained mutation: You are agile. (Dex +4, Str/Int -1)
                  | [potion of mutation]
  5309 | D:7      | Reached skill level 5 in Dodging
  5320 | D:7      | Reached skill level 1 in Invocations
  5473 | D:7      | Found Owutul's Antique Weapon Shop.
  5490 | D:7      | Reached skill level 5 in Invocations
  5560 | D:7      | Found a staircase to the Ecumenical Temple.
  5602 | D:7      | Reached skill level 5 in Evocations
  5924 | D:7      | Reached **** piety under Hepliaklqana
  6090 | D:7      | Reached skill level 1 in Shields
  6297 | D:8      | Gained mutation: When hurt, damage is shared between your
                  | health and your magic reserves. [demonic ancestry]
  6297 | D:8      | Reached XP level 10. HP: 48/68 MP: 13/13
  6578 | D:8      | Found a shimmering blue altar of Sif Muna.
  6590 | D:8      | Found a sparkling altar of Nemelex Xobeh.
  6619 | D:9      | Found a staircase to the Lair.
  6841 | D:9      | Noticed a green ugly thing
  6847 | D:9      | Killed a green ugly thing
  6848 | D:9      | Reached skill level 5 in Shields
  6940 | D:9      | Reached ***** piety under Hepliaklqana
  7287 | Lair:1   | Entered Level 1 of the Lair of Beasts
  7287 | Lair:1   | Noticed a cane toad
  7295 | Lair:1   | Killed a cane toad
  7323 | Lair:1   | Reached skill level 5 in Armour
  7580 | Lair:1   | Noticed a lindwurm
  7580 | Lair:1   | Noticed a cane toad
  7590 | Lair:1   | Killed a cane toad
  7594 | Lair:1   | Noticed a lindwurm
  7595 | Lair:1   | Killed a lindwurm
  7596 | Lair:1   | Gained mutation: You are completely covered in thin
                  | metallic scales. (AC +4, rElec) [demonic ancestry]
  7596 | Lair:1   | Reached XP level 11. HP: 30/77 MP: 7/14
  7749 | Lair:1   | Noticed a lindwurm
  7758 | Lair:1   | Killed a lindwurm
  7774 | Lair:1   | HP: 2/77 [lindwurm/blast of flame (4)]
  8021 | Lair:1   | Killed a lindwurm
  8570 | Lair:1   | Noticed Gastronok
  8585 | Lair:1   | Killed Gastronok
  8667 | Lair:1   | Identified the +1 mace of Dissatisfaction {heavy, *Noise
                  | Int+6 Dex+4 SInv}
  9307 | Lair:2   | Gained mutation: You have claws for hands. [demonic
                  | ancestry]
  9307 | Lair:2   | Reached XP level 12. HP: 38/85 MP: 12/15
  9632 | Lair:2   | Reached skill level 10 in Fighting
  9950 | Lair:1   | Learned a level 3 spell: Ignite Poison
 10044 | Lair:2   | Reached skill level 10 in Polearms
 10260 | Lair:2   | Reached skill level 1 in Poison Magic
 10268 | Lair:2   | Reached skill level 1 in Transmutations
 10292 | Lair:2   | Reached skill level 1 in Spellcasting
 10292 | Lair:2   | Reached skill level 1 in Fire Magic
 10347 | Lair:2   | Found a hole to the Spider Nest.
 10486 | Lair:2   | Found a staircase to the Shoals.
 11014 | Lair:3   | Noticed Nessos
 11042 | Lair:3   | Killed Nessos
 11291 | Lair:3   | Noticed a death yak
 11292 | Lair:3   | Noticed a death yak
 11292 | Lair:3   | Noticed a death yak
 11293 | Lair:3   | Noticed a death yak
 11293 | Lair:3   | Noticed a death yak
 11293 | Lair:3   | Noticed a death yak
 11336 | Lair:2   | Killed a death yak
 11337 | Lair:2   | Gained mutation: When low on magic, you restore magic in
                  | place of health. [demonic ancestry]
 11337 | Lair:2   | Reached XP level 13. HP: 67/92 MP: 16/18
 12003 | Lair:3   | Reached skill level 5 in Poison Magic
 12181 | D:8      | Found a shimmering altar of Xom.
 12182 | D:8      | Found a sacrificial altar of Ru.
 12183 | D:8      | Found a hazy altar of Hepliaklqana.
 12186 | D:8      | Found a shadowy altar of Dithmenos.
 12327 | D:7      | Bought a glowing lajatang for 522 gold pieces
 12662 | Lair:3   | Reached skill level 5 in Spellcasting
 12662 | Lair:3   | Reached skill level 5 in Transmutations
 12664 | Lair:3   | Reached skill level 5 in Fire Magic
 12987 | Lair:4   | Slain by a death yak

Illustrated notes

Levels and vault maps discovered:
D:1:      giann_horns, layout_basic, amcnicky_mini_rare_corridor_liquid
D:2:      layout_basic, shapermc_ecumenical_altar_petra,
          roderic_serpentine_path, uniq_robin, uniq_crazy_yiuf_cottage,
          uniq_sigmund
D:3:      layout_rooms, uniq_jessica
D:4:      layout_basic, nicolae_overflow_crystal_walls, serial_glass,
          glass_columns_a, glass_columns_a
D:5:      layout_rooms
D:6:      layout_loops_ring, uniq_eustachio, uniq_prince_ribbit1
D:7:      layout_loops_cross, minmay_temple_entry_arrows, enter_ossuary_1,
          serial_shops, nicolae_inconvenience_store,
          dreamdust_princess_corridor, hex_large, columned_hall_lemuel,
          grunt_livestock, minmay_mini_ossuary
D:8:      layout_rooms, minitemple, special_room [special_room_orc]
D:9:      layout_gridville, lair_entry_dummy
Lair:1:   layout_loops_ring, nicolae_lair_lindhole, grunt_megastairs_3,
          uniq_gastronok
Lair:2:   lemuel_reptile_caves, layout_regular_city, elwin_shoals_entry_rooms,
          spider_nest_entry_rubble, chequers_serial_rivers_micro_c,
          grunt_forest_large_clearings
Lair:3:   layout_loops_ring, uniq_nessos
Lair:4:   layout_cave_pods, minmay_slime_entry_jelly_boxes, dpeg_oklob_1

Skill      XL: |  1  2  3  4  5  6  7  8  9 10 11 12 13 |
---------------+----------------------------------------+-----
Stealth        | 1 2 3 |  3.0
Fighting       | 4 6 8 9 10 | 10.0
Dodging        | 3 4 6 |  6.0
Armour         | 1 3 6 |  6.0
Evocations     | 2 4 6 |  6.0
Polearms       | 3 6 9 10 | 10.0
Invocations    | 5 |  5.0
Shields        | 3 6 8 |  8.0
Poison Magic   | 4 6 |  6.0
Transmutations | 3 5 |  5.4
Spellcasting   | 3 5 |  5.5
Fire Magic     | 3 5 |  5.4
Short Blades   | |  2.6
Throwing       | |  1.7

Action                   |  1- 3 |  4- 6 |  7- 9 | 10-12 | 13-15 || total
-------------------------+-------+-------+-------+-------+-------++-------
Melee: Rapier            |   129 |    88 |       |       |       ||   217
       Punch             |     1 |     2 |     4 |       |       ||     7
       Trident           |       |       |    27 |       |       ||    27
       Spear             |       |       |   272 |   757 |   196 ||  1225
       Lajatang          |       |       |       |       |    55 ||    55
Throw: Throwing net      |     5 |     1 |       |     1 |       ||     7
Invok: Ancestor Life: Ba |       |     1 |       |       |       ||     1
       Recall Ancestor   |       |       |       |     2 |       ||     2
Evoke: Phantom mirror    |       |       |       |     1 |       ||     1
       Wand              |       |       |       |       |     1 ||     1
  Use: Scroll            |     3 |     6 |     9 |     5 |     1 ||    24
       Potion            |       |       |     4 |     1 |       ||     5
 Stab: Held in net/web   |     3 |       |       |       |       ||     3
       Sleeping          |     5 |     5 |     2 |       |       ||    12
       Distracted        |       |     2 |     4 |    11 |     3 ||    20
Armor: Leather armour    |    37 |    24 |    14 |       |       ||    75
       Chain mail        |       |       |    57 |   257 |    80 ||   394
Dodge: Dodged            |    69 |    57 |    59 |   210 |    75 ||   470
Block: Other             |       |    22 |    59 |       |    40 ||   121
       Reflection        |       |       |     1 |     6 |       ||     7
       Buckler           |       |       |     6 |   477 |    78 ||   561

Table legend: (Time is in decaauts)
 A = Elapsed time spent in this place.
 B = Non-inter-level travel time spent in this place.
 C = Inter-level travel time spent in this place.
 D = Time resting spent in this place.
 E = Time spent auto-exploring this place.
 F = Levels seen in this place.
 G = Mean time per level.
                   A        B        C        D        E       F      G
               +--------+--------+--------+--------+--------+-----+--------+
         Total |  12706 |  12099 |    607 |   2270 |   7467 |  14 |  907.6 |
       Dungeon |   7817 |   7398 |    419 |   1426 |   4732 |   9 |  868.6 |
          Lair |   4586 |   4399 |    187 |    844 |   2578 |   4 | 1146.5 |
       Ossuary |    303 |    303 |      0 |      0 |    157 |   1 |  303.0 |
               +--------+--------+--------+--------+--------+-----+--------+

Top non-repeatable levels by time:
  Lair:2: 1756 daAuts
  Lair:1: 1730 daAuts
     D:2: 1300 daAuts
     D:4: 1270 daAuts
     D:9: 1229 daAuts
     D:7: 1111 daAuts
  Lair:3: 1030 daAuts
     D:6: 770 daAuts
     D:1: 667 daAuts
     D:8: 615 daAuts
     D:5: 472 daAuts
     D:3: 381 daAuts
 Ossuary: 303 daAuts
  Lair:4: 67 daAuts
